 Dungeon Crawl Stone Soup version 0.28-a0-413-gde365fb1df (webtiles) character file.

Game seed: 4370503338442965079

1023 Spaninq the Ogre Mage (level 8, -2/67 HPs)
             Began as an Ogre Air Elementalist on Sept 7, 2021.
             Was an Initiate of Vehumet.
             Succumbed to a gnoll sergeant's poison
             ... on level 5 of the Dungeon.
             The game lasted 00:19:30 (6789 turns).

Spaninq the Ogre Mage (Ogre Air Elementalist)       Turns: 6789, Time: 00:19:30

Health: -2/67      AC:  7    Str: 19    XL:     8   Next: 22%
Magic:  25/26      EV:  9    Int: 18    God:    Vehumet [......]
Gold:   275        SH:  0    Dex:  9    Spells: 13/20 levels left

rFire   . . .      SeeInvis .   g - staff of conjuration
rCold   . . .      Faith    .   (no shield)
rNeg    . . .      Spirit   .   a - +0 robe
rPois   .          Reflect  .   (helmet restricted)
rElec   .          Harm     .   (no cloak)
rCorr   .          Rampage  .   (gloves unavailable)
Will    .....                   (boots unavailable)
Stlth   +.........              (no amulet)
HPRegen 0.00/turn               b - ring of magical power
MPRegen 0.20/turn               p - +6 ring of strength

@: lethally poisoned (-2 -> -14), very slightly contaminated, inhibited regen
A: large, unfitting armour, tough skin 1, iridescent scales 2, inhibited
regeneration
a: Renounce Religion


You were on level 5 of the Dungeon.
You worshipped Vehumet.
Vehumet was noncommittal.
You visited 2 branches of the dungeon, and saw 6 of its levels.

You collected 275 gold pieces.

Inventory:

Hand Weapons
 h - a +0 quarterstaff
 i - a +2 hand axe of flaming
Missiles
 l - a throwing net
Armour
 a - a +0 robe (worn)
Magical Staves
 g - a staff of conjuration (weapon)
Jewellery
 b - a ring of magical power (left hand)
 c - a ring of ice
 p - a +6 ring of strength (right hand)
Wands
 j - a wand of iceblast (10)
 k - a wand of flame (45)
Scrolls
 d - a scroll of acquirement
 f - 3 scrolls of teleportation
 m - a scroll of identify
Potions
 e - 2 potions of haste
 n - 2 potions of lignification


   Skills:
 - Level 1.7 Dodging
 - Level 1.4 Stealth
 * Level 6.5 Spellcasting
 + Level 4.2 Conjurations
 * Level 5.9 Air Magic


You had 13 spell levels left.
You knew the following spells:

 Your Spells              Type           Power      Damage    Failure   Level
a - Shock                 Conj/Air       100%       1d9       1%          1
b - Static Discharge      Conj/Air       36%        N/A       2%          2
c - Airstrike             Air            13%        N/A       10%         4

Your spell library contained the following spells:

 Spells                   Type           Power      Damage    Failure   Level
 Swiftness                Air            27%        N/A       3%          3
 Dazzling Flash           Conj/Hex       40%        N/A       14%         3
 Slow                     Hex            5%         N/A       17%         2
 Confusing Touch          Hex            5%         N/A       34%         3
 Gell's Gravitas          Tloc           2%         N/A       34%         3
 Lesser Beckoning         Tloc           5%         N/A       34%         3
 Teleport Other           Tloc           5%         N/A       34%         3
 Iskenderun's Mystic Bla  Conj/Tloc      20%        2d6       43%         4
 Yara's Violent Unravell  Hex/Tmut       2%         3d3       97%         5
 Dispersal                Tloc           2%         N/A       100%        6
 Starburst                Conj/Fire      10%        6d5       100%        6
 Disjunction              Tloc           2%         N/A       100%        8


Dungeon Overview and Level Annotations

Branches:
Dungeon (5/15)             Temple (1/1) D:5

Altars:
Dithmenos
Elyvilon
Fedhas
Gozag
Kikubaaqudgha
Okawaru
Ru
Trog
Uskayaw
Vehumet
Xom
Yredelemnul
Zin

Shops:
D:4 ?


Innate Abilities, Weirdness & Mutations

You are too large for most types of armour.
You have tough skin. (AC +1)
You are mostly covered in iridescent scales. (AC +4)
You do not regenerate when monsters are visible.


Message History

You are very lightly contaminated with residual magic.
Nothing appears to happen.
You feel very sick.
The gnoll sergeant hits you with a +1 spear of venom.
You are lethally poisoned!
The gnoll barely misses you.
The gnoll hits you from afar with a +0 spear.
Casting: Static Discharge (safe; 2% risk of failure)
Confirm with . or Enter, or press ? or * to list all spells.
You feel a surge of power!
The gnoll sergeant is struck by an arc of lightning!
You kill the gnoll sergeant!
Vehumet accepts your kill.
The lightning grounds out.
* * * LOW HITPOINT WARNING * * *
You feel very sick.
The gnoll hits you from afar with a +0 spear.
* * * LOW HITPOINT WARNING * * *
The gnoll hits you but does no damage.
* * * LOW HITPOINT WARNING * * *
You feel very sick.
It was a potion of magic.
Magic courses through your body.
* * * LOW HITPOINT WARNING * * *
You feel very sick.
The gnoll hits you from afar with a +0 spear.
* * * LOW HITPOINT WARNING * * *
* * * LOW HITPOINT WARNING * * *
You feel very sick.
Casting: Static Discharge (safe; 2% risk of failure)
Confirm with . or Enter, or press ? or * to list all spells.
Aiming: Shock (safe; 1% risk of failure)
Press: ? - help, Shift-Dir - straight line You feel a surge of power!
The zap hits the gnoll.
You kill the gnoll!
Vehumet accepts your kill.
The zap hits the gnoll.
The gnoll is moderately wounded.
The zap hits the gnoll.
The gnoll is severely wounded.
You die...

############# #......@.)g.#
#.#########)# #.# #.# #.#
#.# ##.#########g#*****
**#######............g,,,,*
,,.........#########...,,,*
**#####....# *,,,,....g,,*
* #....# *,***#.....,*


You could see a gnoll.

Vanquished Creatures
  A black bear (D:5)
  A hornet zombie (D:5)
  2 gnoll sergeants
  2 scorpions
  A howler monkey (D:3)
  A hound (D:4)
  A jelly (D:5)
  2 orc priests (D:4)
  2 iguanas
  A scorpion zombie (D:5)
  Ijyb (D:3)
  Terence (D:3)
  3 orc wizards
  A howler monkey zombie (D:5)
  Robin (D:3)
  8 gnolls
  4 adders
  A white imp (D:5)
  An ufetubus (D:5)
  An adder skeleton (D:4)
  A dart slug (D:2)
  11 orcs
  6 bats
  4 endoplasms
  5 giant cockroaches
  12 goblins
  5 hobgoblins
  3 jackals (D:4)
  4 kobolds
  6 quokkas
  7 ball pythons
  3 frilled lizards
  A rat (D:1)
104 creatures vanquished.

Notes
Turn   | Place    | Note
-------+----------+-------------------------------------------
     0 | D:1      | Spaninq the Ogre Air Elementalist began the quest for the
                  | Orb.
     0 | D:1      | Reached XP level 1. HP: 16/16 MP: 3/3
    79 | D:1      | Reached skill level 1 in Conjurations
   475 | D:1      | Reached XP level 2. HP: 24/24 MP: 0/5
   544 | D:1      | Learned a level 2 spell: Static Discharge
  1265 | D:2      | Reached XP level 3. HP: 11/31 MP: 1/7
  1724 | D:2      | Found a shadowy altar of Dithmenos.
  1757 | D:2      | Reached skill level 3 in Spellcasting
  2050 | D:3      | Noticed Robin
  2114 | D:3      | Killed Robin
  2115 | D:3      | Reached XP level 4. HP: 33/39 MP: 0/8
  2470 | D:3      | Reached XP level 5. HP: 36/45 MP: 10/10
  2471 | D:3      | Noticed Ijyb
  2477 | D:3      | Killed Ijyb
  2830 | D:3      | Reached skill level 4 in Spellcasting
  2913 | D:3      | Noticed Terence
  2921 | D:3      | Killed Terence
  3286 | D:3      | Found a faded altar of an unknown god.
  3356 | D:3      | Reached XP level 6. HP: 50/53 MP: 12/12
  4102 | D:4      | Gained mutation: You do not regenerate when monsters are
                  | visible. [potion of mutation]
  4102 | D:4      | Gained mutation: You are partially covered in iridescent
                  | scales. (AC +2) [potion of mutation]
  4102 | D:4      | Gained mutation: You are mostly covered in iridescent
                  | scales. (AC +4) [potion of mutation]
  4463 | D:4      | Identified a scroll of acquirement
  4463 | D:4      | Acquired a staff of conjuration
  4675 | D:4      | Found Limerghi's Magic Scroll Boutique.
  4761 | D:4      | Reached skill level 5 in Spellcasting
  4761 | D:4      | Reached XP level 7. HP: 59/59 MP: 14/14
  5072 | D:4      | Reached skill level 5 in Air Magic
  5396 | D:4      | Learned a level 4 spell: Airstrike
  5586 | D:5      | Entered Level 5 of the Dungeon
  5657 | D:5      | Found a staircase to the Ecumenical Temple.
  5670 | Temple   | Entered the Ecumenical Temple
  5714 | Temple   | Became a worshipper of Vehumet
  5989 | D:5      | Found a sacrificial altar of Ru.
  6104 | D:5      | Reached skill level 6 in Spellcasting
  6578 | D:5      | Reached XP level 8. HP: 54/67 MP: 15/17
  6788 | D:5      | HP: 1/67 [poisoned by a gnoll sergeant]
  6789 | D:5      | Succumbed to a gnoll sergeant's poison

Illustrated notes

Levels and vault maps discovered:
D:1:      dpeg_arrival_triangle_fractal, layout_basic
D:2:      layout_rooms, basic_altar
D:3:      layout_basic, shapermc_ecumenical_altar_hornbeckon,
          hangedman_abyss_or_decor_lesser_grid, chequers_serial_rivers_marsh,
          uniq_terence, uniq_robin, uniq_ijyb
D:4:      layout_loops_ring, serial_shops, kennysheep_mini, lightli_minifort
D:5:      layout_loops_ring, nicolae_ru_great_annihilating_truth,
          minmay_temple_entry_ruins
Temple:   jpeg_temple_clearing

Skill      XL: |  1  2  3  4  5  6  7 |
---------------+----------------------+-----
Conjurations   | 1 2 3 4 |  4.2
Air Magic      | 3 4 5 |  5.9
Spellcasting   | 3 4 5 6 |  6.5
Dodging        | |  1.7
Stealth        | |  1.4

Action                   |  1- 3 |  4- 6 |  7- 9 || total
-------------------------+-------+-------+-------++-------
Melee: Hand axe          |    14 |     1 |       ||    15
       Quarterstaff      |       |     9 |       ||     9
       Staff             |       |     2 |       ||     2
 Cast: Shock             |    48 |    46 |    34 ||   128
       Static Discharge  |     9 |    46 |    35 ||    90
  Use: Scroll            |       |     5 |     3 ||     8
       Potion            |       |     3 |     1 ||     4
Armor: Robe              |    12 |    15 |    15 ||    42
Dodge: Dodged            |    20 |    15 |    21 ||    56

Table legend: (Time is in decaauts)
 A = Elapsed time spent in this place.
 B = Non-inter-level travel time spent in this place.
 C = Inter-level travel time spent in this place.
 D = Time resting spent in this place.
 E = Time spent auto-exploring this place.
 F = Levels seen in this place.
 G = Mean time per level.
                   A        B        C        D        E       F      G
               +--------+--------+--------+--------+--------+-----+--------+
         Total |   6804 |   6677 |    127 |   1933 |   3882 |   6 | 1134.0 |
       Dungeon |   6612 |   6495 |    117 |   1833 |   3817 |   5 | 1322.4 |
        Temple |    192 |    182 |     10 |    100 |     65 |   1 |  192.0 |
               +--------+--------+--------+--------+--------+-----+--------+

Top non-repeatable levels by time:
     D:4: 1756 daAuts
     D:2: 1328 daAuts
     D:3: 1307 daAuts
     D:1: 1209 daAuts
     D:5: 1009 daAuts
  Temple: 192 daAuts
